 Dungeon Crawl Stone Soup version 0.19-a0-1032-g6b228a8 (webtiles) character file.

319 FitzyFitz the Chiller (level 6, -15/41 HPs)
             Began as a Mummy Ice Elementalist on July 29, 2016.
             Was a Follower of Vehumet.
             Demolished by an ogre
             ... wielding a +0 giant spiked club
              (23 damage)
             ... on level 4 of the Dungeon.
             The game lasted 00:13:45 (5395 turns).

FitzyFitz the Chiller (Mummy Ice Elementalist)      Turns: 5395, Time: 00:13:45

Health: -15/41     AC:  7    Str: 14    XL:     6   Next: 21%
Magic:  1/9        EV: 11    Int: 16    God:    Vehumet [*.....]
Gold:   186        SH:  4    Dex: 12    Spells: 3 memorised, 3 levels left

rFire  x . .     SeeInvis +     a - +0 short sword
rCold  + . .     Gourm    .     d - +0 robe
rNeg   + + +     Faith    .     o - +0 buckler
rPois  ∞         Spirit   .     (no helmet)
rElec  .         Dismiss  .     (no cloak)
rCorr  .         Reflect  .     (no gloves)
SustAt .         Harm     .     (no boots)
MR     .....                    v - amulet of regeneration
Stlth  ++........               l - ring of see invisible
                                g - +2 ring of strength

@: icy armour, slow, not resistant to hostile enchantments, unstealthy
A: no food or potions, fire vulnerability, cold resistance 1, negative energy
resistance 3, torment resistance, unbreathing
a: Renounce Religion


You were on level 4 of the Dungeon.
You worshipped Vehumet.
Vehumet was aware of your devotion.
You were not hungry.

You visited 1 branch of the dungeon, and saw 4 of its levels.

You collected 186 gold pieces.

Inventory:

Hand Weapons
 a - a +0 short sword (weapon)
 m - a +0 mace
 n - a +0 hand axe
 q - a +0 dagger
Missiles
 e - 86 stones (quivered)
 h - 23 sling bullets
 p - 6 javelins
 s - 13 poisoned needles
Armour
 d - a +0 robe (worn)
 o - a +0 buckler (worn)
 r - a +0 shield
Jewellery
 g - a +2 ring of strength (left hand)
 l - a ring of see invisible (right hand)
 v - an amulet of regeneration (around neck)
Scrolls
 c - a scroll of amnesia
 f - a scroll of identify
 i - a scroll of random uselessness
 j - a scroll of noise
 k - 2 scrolls of enchant armour
 t - a scroll of blinking
 u - a scroll of teleportation
Books
 b - a book of Frost

   Spells                             Type                      Level
   a - Freeze                         Ice                          1
   b - Throw Frost                    Conjuration/Ice              2
   c - Ozocubu's Armour               Charms/Ice                   3
   d - Throw Icicle                   Conjuration/Ice              4
   e - Summon Ice Beast               Ice/Summoning                4


   Skills:
 - Level 1.5 Dodging
 - Level 1.5 Stealth
 + Level 2.2 Shields
 - Level 2.0 Spellcasting
 - Level 0.7 Conjurations
 + Level 5.2 Ice Magic


You had 3 spell levels left.
You knew the following spells:

 Your Spells              Type           Power        Failure   Level  Hunger
a - Freeze                Ice            ###.         3%          1    N/A
b - Throw Frost           Conj/Ice       ##....       14%         2    N/A
c - Ozocubu's Armour      Chrm/Ice       ##......     28%         3    N/A

Dungeon Overview and Level Annotations

Branches:
Dungeon (4/15)
 Temple: D:4-7

Altars:
Pakellas
Trog
Vehumet


Innate Abilities, Weirdness & Mutations

You do not eat or drink.
Your flesh is vulnerable to fire.
You are immune to poison.
Your flesh is cold resistant. (rC+)
You are immune to negative energy. (rN+++)
You are immune to unholy pain and torment.
You can survive without breathing.


Message History

Aiming: Freeze
Press: ? - help, Shift-Dir - straight line, f/p - ogre
Aim: an ogre, wielding a giant spiked club (heavily wounded)
You freeze the ogre.
The ogre is severely wounded.
The ogre hits you with a giant spiked club!!
Ouch! That really hurt!
* * * LOW HITPOINT WARNING * * *
Casting: Freeze
Confirm with . or Enter, or press ? or * to list all spells.
Aiming: Freeze
Press: ? - help, Shift-Dir - straight line, f/p - ogre
Aim: an ogre, wielding a giant spiked club (severely wounded)
You freeze the ogre.
The ogre is almost dead.
You barely miss the ogre.
The ogre is almost dead.
The ogre hits you with a giant spiked club!!
Ouch! That really hurt!
You die...

####...........#### #
.....#.##.####.#.. ..
###..#.##.# #.#.# .#
.....#.##.# #.#.##.#
###..#.##.# #.....$#
.......##.####......#
###..####...........#
#..# ######.....##
##..# #..@..#
#...#### #.#O###
#......# #....#
#..###.###...#...
#..........#....##
#.####..........# #..
..........# ###
#####.....# #..


You could see an ogre.

Vanquished Creatures
  A black bear (D:4)
  2 worker ants (D:4)
  A hound skeleton (D:4)
  6 adders
  2 oozes (D:1)
  7 dart slugs
  4 giant geckos
  5 orcs (D:3)
  6 bats
  3 giant cockroaches
  12 goblins
  7 hobgoblins
  12 jackals
  3 quokkas
  3 ball pythons
  8 giant newts
  6 kobolds
  6 rats
94 creatures vanquished.

Vanquished Creatures (others)
  An elf (D:4)
  A worm (D:2)
  A hobgoblin (D:2)
3 creatures vanquished.

Grand Total: 97 creatures vanquished

Notes
Turn   | Place    | Note
-------+----------+-------------------------------------------
     0 | D:1      | FitzyFitz the Mummy Ice Elementalist began the quest for the Orb.
     0 | D:1      | Reached XP level 1. HP: 13/13 MP: 3/3
   184 | D:1      | Reached XP level 2. HP: 19/19 MP: 0/5
   257 | D:1      | Reached skill level 3 in Ice Magic
   739 | D:1      | Reached XP level 3. HP: 13/24 MP: 2/6
  1317 | D:1      | Learned a level 2 spell: Throw Frost
  1321 | D:1      | Learned a level 3 spell: Ozocubu's Armour
  1881 | D:2      | Reached skill level 4 in Ice Magic
  2009 | D:2      | Reached XP level 4. HP: 21/30 MP: 5/7
  2602 | D:2      | Found a radiant altar of Vehumet.
  2635 | D:2      | Became a worshipper of Vehumet
  2963 | D:3      | Found a bloodstained altar of Trog.
  3680 | D:3      | Reached XP level 5. HP: 35/35 MP: 2/8
  4155 | D:4      | Noticed an ogre
  4195 | D:4      | Found an oddly glowing altar of Pakellas.
  4195 | D:4      | Noticed an elf
  4203 | D:4      | Killed an elf
  4351 | D:4      | Noticed a black bear
  4624 | D:3      | Reached skill level 1 in Shields
  4629 | D:3      | Reached * piety under Vehumet
  4629 | D:3      | Offered knowledge of Flame Tongue by Vehumet.
  4732 | D:4      | Killed a black bear
  4732 | D:4      | Reached skill level 5 in Ice Magic
  5011 | D:4      | Reached XP level 6. HP: 23/41 MP: 4/9
  5395 | D:4      | Demolished by an ogre

Vault maps used:
D:1:      minmay_arrival_widening_spiral_wide
D:2:      fiery_altar_vehumet, first_bread, minmay_bisected
D:3:      trog_butcher_becter
D:4:      gammafunk_pakellas_its_alive

Skill      XL: |  1  2  3  4  5 |
---------------+----------------+-----
Ice Magic      | 3 4 5 |  5.2
Shields        | 2 |  2.2
Dodging        | |  1.5
Stealth        | |  1.5
Spellcasting   | |  2.0
Conjurations   | |  0.7

Action                   |  1- 3 |  4- 6 || total
-------------------------+-------+-------++-------
Melee: Unarmed           |     2 |       ||     2
       Short sword       |    91 |   155 ||   246
 Cast: Freeze            |    32 |    56 ||    88
       Throw Frost       |     4 |     7 ||    11
       Ozocubu's Armour  |     2 |     2 ||     4
  Use: Scroll            |       |     6 ||     6
 Stab: Sleeping          |     4 |     4 ||     8
Armor: Robe              |    21 |    44 ||    65
Dodge: Dodged            |    71 |   147 ||   218
Block: Buckler           |       |     4 ||     4
